 Dungeon Crawl Stone Soup version 0.21-a0-450-gd87a9b2 (webtiles) character file.

37 esteth the Chopper (level 3, 0/19 HPs)
             Began as a Vine Stalker Fighter on Nov 19, 2017.
             Succumbed to an adder's poison
             ... on level 2 of the Dungeon.
             The game lasted 00:01:22 (870 turns).

esteth the Chopper (Vine Stalker Fighter)            Turns: 870, Time: 00:01:23

Health: 0/19       AC:  6    Str: 18    XL:     3   Next: 39%
Magic:  1/4        EV: 12    Int:  8    God:
Gold:   45         SH:  9    Dex: 19    Spells: 2/2 levels left

rFire    . . .     SeeInvis .   a - +0 war axe
rCold    . . .     Gourm    .   c - +0 shield
rNeg     . . .     Faith    .   b - +0 scale mail
rPois    .         Spirit   +   (no helmet)
rElec    .         Reflect  .   (no cloak)
rCorr    .         Harm     .   (no gloves)
MR       .....                  (no boots)
Stlth    +.........             (no amulet)
HPRegen  0.06/turn              (no ring)
MPRegen  0.09/turn              (no ring)

@: agile, lethally poisoned (0 -> -7)
A: fangs 2, magic shield, antimagic bite, no potion heal 3, rot immunity
a: no special abilities


You were on level 2 of the Dungeon.
You were not hungry.

You visited 1 branch of the dungeon, and saw 2 of its levels.

You collected 45 gold pieces.

Inventory:

Hand Weapons
 a - a +0 war axe (weapon)
Armour
 b - a +0 scale mail (worn)
 c - a +0 shield (worn)
Scrolls
 e - a scroll of blinking {unknown}
 h - 2 scrolls of identify {unknown}
 j - a scroll of remove curse {unknown}
Potions
 d - a potion of might
Comestibles
 f - a bread ration
 g - a chunk of flesh


   Skills:
 - Level 2.6 Fighting
 + Level 3.3 Axes
 - Level 2.4 Armour
 - Level 2.6 Shields


You had 2 spell levels left.
You didn't know any spells.

Dungeon Overview and Level Annotations

Branches:
Dungeon (2/15)

Altars:


Innate Abilities, Weirdness & Mutations

You have extremely sharp teeth.
When hurt, damage is shared between your health and your magic reserves.
Your bite disrupts and absorbs the magic of your enemies.
Potions cannot restore your health.
You are immune to rotting.


Message History

You are too injured to fight recklessly!
You are too injured to fight recklessly!
You are too injured to fight recklessly!
You are too injured to fight recklessly!
You are too injured to fight recklessly!
You are too injured to fight recklessly!
You are too injured to fight recklessly!
You are too injured to fight recklessly!
You feel sick. The kobold hits you.
You see here an adder corpse.
You closely miss the kobold. Your bite misses the kobold.
Your shield prevents you from hitting the kobold.
The kobold hits you.
* * * LOW HITPOINT WARNING * * *
The kobold hits you with a short sword.
* * * LOW HITPOINT WARNING * * *
The kobold barely misses you.
It was a potion of agility.
You feel agile all of a sudden.
You die...

..............#.#
##...........#.#
#...........#.#
##............#
##.....)..#...#
#....).........
#..............
#.....(........
#......)@.......
.........KK......
..##.<...........
................#
####...###.###..
..... .# . ..#...
.. .##... ...


You could see 2 kobolds.

Vanquished Creatures
  An adder (D:2)
  A leopard gecko (D:1)
  8 goblins
  6 hobgoblins
  A ball python (D:1)
  4 bats
  4 frilled lizards (D:1)
  2 kobolds (D:1)
27 creatures vanquished.

Notes
Turn   | Place    | Note
-------+----------+-------------------------------------------
     0 | D:1      | esteth the Vine Stalker Fighter began the quest for the Orb.
     0 | D:1      | Reached XP level 1. HP: 11/11 MP: 2/2
    50 | D:1      | Reached skill level 2 in Axes
   245 | D:1      | Reached XP level 2. HP: 13/16 MP: 3/3
   638 | D:1      | Reached skill level 3 in Axes
   730 | D:1      | Reached XP level 3. HP: 19/19 MP: 4/4
   870 | D:2      | Succumbed to an adder's poison

Vault maps used:
D:1:      grunt_arrival_lava_bath
D:2:      chequers_ecumenical_altar_simple

Skill      XL: |  1  2 |
---------------+-------+-----
Axes           | 2 3 |  3.3
Fighting       | |  2.6
Armour         | |  2.4
Shields        | |  2.6

Action                   || total
-------------------------++-------
Melee: War axe           ||    67
       Bite              ||    14
  Use: Potion            ||     1
Armor: Scale mail        ||    20
Dodge: Dodged            ||    17
Block: Shield            ||    34

Table legend:
 A = Spawn XP
 B = Non-spawn XP
 C = Spawn XP percentage of total XP
 D = Spawn monster count
 E = Non-spawn monster count
 F = Spawn count percentage of total count
 G = Total turns spent on level
                    A         B        C        D         E        F      G
               +---------+---------+-------+---------+---------+-------+---------
         Total |       0 |      53 |   0.0 |       0 |      27 |   0.0 |   870
               +---------+---------+-------+---------+---------+-------+---------
           D:1 |       0 |      34 |   0.0 |       0 |      22 |   0.0 |   829
           D:2 |       0 |      19 |   0.0 |       0 |       5 |   0.0 |    41
               +---------+---------+-------+---------+---------+-------+---------
